 Dungeon Crawl Stone Soup version 0.29-a0-557-g43b9904bd1 (webtiles) character file.

Game seed: 17565985149705934231

29253 Miritol the Quickloader (level 13, -4/75 HPs)
             Began as a Tengu Hunter on June 8, 2022.
             Was an Elder of Okawaru.
             Killed from afar by a hell hog (14 damage)
             ... with a fireball
             ... on level 3 of the Abyss.
             The game lasted 01:16:06 (19597 turns).

Miritol the Quickloader (Tengu Hunter)             Turns: 19597, Time: 01:16:07

Health: -4/75      AC:  8    Str:  9    XL:     13   Next: 44%
Magic:  20/20      EV: 27    Int: 14    God:    Okawaru [****..]
Gold:   655        SH: 12    Dex: 21    Spells: 12/12 levels left

rFire   + . .      SeeInvis .   g - +2 dagger (venom)
rCold   + + .      Faith    .   R - +0 kite shield "Orghoffiu" {rPois rC+ Str+2}
rNeg    + . .      Spirit   .   l - +0 troll leather armour
rPois   +          Reflect  .   V - +1 hat
rElec   .          Harm     .   P - scarf {rC+ rF+}
rCorr   .          Rampage  .   A - +2 pair of gloves
Will    +....                   (boots unavailable)
Stlth   +++++.....              N - amulet of regeneration
HPRegen 1.82/turn               d - +4 ring of evasion
MPRegen 0.17/turn               y - ring "Vomy" {rN+ Will+ Str-5 Int+3 Stlth+}

@: flying quickly and evasively, quick
A: beak, talons 3, nimble flight
a: Renounce Religion, Heroism, Finesse


You were on level 3 of the Abyss.
You worshipped Okawaru.
Okawaru was greatly pleased with you.
You visited 3 branches of the dungeon, and saw 17 of its levels.
You visited the Abyss 2 times.
You also visited: Sewer and Volcano.

You collected 1103 gold pieces.
You spent 448 gold pieces at shops.

Inventory:

Hand Weapons
 a - a +5 hand crossbow of flaming
 b - a +4 morningstar of protection
 g - a +2 dagger of venom (weapon)
 B - a +2 arbalest of freezing
 G - the +3 dagger "Hyczufud" {flame, rC+}
   (Okawaru gifted it to you on level 9 of the Dungeon)

   It burns those it strikes, dealing additional fire damage.
   rC:        It protects you from cold.
 S - the +1 spear "Giantslayer" {flame, SInv}
   (You found it on level 9 of the Dungeon)

   It burns those it strikes, dealing additional fire damage.
   SInv:      It lets you see invisible.
Missiles
 f - a curare-tipped dart
 n - 6 datura-tipped darts (quivered)
 x - 19 poisoned darts
 W - a throwing net
Armour
 l - a +0 troll leather armour (worn)
 s - a +2 cloak of preservation
 A - a +2 pair of gloves (worn)
 L - a +2 robe of fire resistance
 P - a scarf of resistance (worn)
 R - the +0 kite shield "Orghoffiu" (worn) {rPois rC+ Str+2}
   (You acquired it on level 11 of the Dungeon)

   Str:       It affects your strength (+2).
   rC:        It protects you from cold.
   rPois:     It protects you from poison.
 V - a +1 hat (worn)
Jewellery
 d - a +4 ring of evasion (left hand)
 i - an amulet of faith
 u - a ring of protection from cold
 y - the ring "Vomy" (right hand) {rN+ Will+ Str-5 Int+3 Stlth+}
   (You found it on level 4 of the Dungeon)

   [ring of positive energy]

   Str:       It affects your strength (-5).
   Int:       It affects your intelligence (+3).
   rN:        It protects you from negative energy.
   Will:      It increases your willpower.
   Stlth:     It makes you more stealthy.
 J - an amulet of reflection
 N - an amulet of regeneration (around neck)
Wands
 t - a wand of iceblast (4)
 F - a wand of paralysis (6)
 Q - a wand of acid (5)
 Y - a wand of digging (4)
Scrolls
 c - 3 scrolls of immolation
 e - a scroll of fog
 j - 3 scrolls of amnesia
 k - 4 scrolls of poison
 o - a scroll of magic mapping
 q - 2 scrolls of blinking
 v - 7 scrolls of fear
 D - 4 scrolls of teleportation
 H - a scroll of silence
 M - a scroll of torment
 X - a scroll of brand weapon
Potions
 h - 5 potions of curing
 m - a potion of experience {unknown}
 p - 2 potions of flight {unknown}
 r - 3 potions of mutation {unknown}
 w - a potion of might {unknown}
 z - 4 potions of brilliance
 C - 2 potions of cancellation {unknown}
 E - 5 potions of lignification {unknown}
 I - 4 potions of attraction {unknown}
 K - 3 potions of haste {unknown}
 T - a potion of berserk rage {unknown}
Miscellaneous
 Z - a phial of floods


   Skills:
 - Level 6.5 Fighting
 - Level 3.4 Short Blades
 + Level 13.5 Crossbows
 + Level 13.0 Dodging
 - Level 6.8 Stealth
 + Level 7.1 Shields
 - Level 9.1 Invocations


You had 12 spell levels left.
You didn't know any spells.
Your spell library contained the following spells:

 Spells                   Type           Power      Damage    Failure   Level
 Apportation              Tloc           0%         N/A       71%         1
 Foxfire                  Conj/Fire      0%         2x1d4     71%         1
 Sandblast                Erth           0%         2d4       71%         1
 Ensorcelled Hibernation  Hex/Ice        0%         N/A       85%         2
 Passwall                 Tmut/Erth      0%         N/A       85%         2
 Scorch                   Fire           0%         2d5       85%         2
 Conjure Flame            Conj/Fire      0%         6-21      97%         3
 Gell's Gravitas          Tloc           0%         N/A       97%         3
 Inner Flame              Hex/Fire       0%         N/A       97%         3
 Lesser Beckoning         Tloc           0%         N/A       97%         3
 Spider Form              Tmut/Pois      0%         N/A       97%         3
 Stone Arrow              Conj/Erth      0%         3d7       97%         3
 Teleport Other           Tloc           0%         N/A       97%         3
 Airstrike                Air            0%         N/A       100%        4
 Anguish                  Hex/Necr       0%         N/A       100%        4
 Flame Wave               Conj/Fire      0%         2d4       100%        4
 Passage of Golubria      Tloc           0%         N/A       100%        4
 Alistair's Intoxication  Tmut/Pois      0%         N/A       100%        5
 Iskenderun's Battlesphe  Conj           0%         2d6       100%        5
 Lightning Bolt           Conj/Air       0%         1d11      100%        5
 Silence                  Hex/Air        0%         N/A       100%        5
 Iron Shot                Conj/Erth      0%         9d1       100%        6
 Lehudib's Crystal Spear  Conj/Erth      0%         10d2      100%        8
 Summon Lightning Spire   Summ/Air       Unusable   N/A       N/A         4
 Summon Cactus Giant      Summ           Unusable   N/A       N/A         6
 Spellforged Servitor     Conj/Summ      Unusable   N/A       N/A         7

Dungeon Overview and Level Annotations

Branches:
Dungeon (13/15)            Temple (1/1) D:5            Lair (3/6) D:9
 Shoals (0/4) Lair:2          Orc (0/2) D:9           Sewer (visited)
Volcano (visited)
  Snake: Lair:2-4    Spider: Lair:2-4    Vaults: D:13-14

Altars:
Ashenzari
Cheibriados
Dithmenos
Elyvilon
Fedhas
Gozag
Hepliaklqana
Kikubaaqudgha
Makhleb
Nemelex Xobeh
Okawaru
Qazlal
Ru
Sif Muna
Trog
Uskayaw
Vehumet
Wu Jian
Xom
Yredelemnul
Zin
The Shining One
Beogh

Shops:
D:9 *

Annotations:
D:6 1 exclusion
D:10 3 runed translucent doors, Subbak's ghost, novice DsFi
D:11 exclusion: manticore


Innate Abilities, Weirdness & Mutations

You have a beak for a mouth.
You have claws for feet.
Your magical nature lets you fly swiftly and evasively.


Message History

The fireball explodes!
The fireball engulfs you! You resist.
The fireball engulfs the hell hog.
The hell hog completely resists.
You hear a shout!
A hell hog comes into view.
Unknown command.
Your +4 morningstar of protection goes still.
Your +2 dagger of venom begins to drip with poison!
g - a +2 dagger of venom (weapon)
The hell hog squeals angrily.
The hell hog completely misses you. The hell hog breathes fire at you.
The fireball explodes!
The fireball engulfs you. You resist.
The fireball engulfs the hell hog.
The hell hog completely resists.
The fireball engulfs the hell hog.
The hell hog completely resists.
You hit the hell hog.
The hell hog is poisoned.
The hell hog is lightly wounded.
You block the hell hog's attack. The hell hog breathes fire at you.
The fireball explodes!
The fireball engulfs you! You resist.
The fireball engulfs the hell hog.
The hell hog completely resists.
The fireball engulfs the hell hog.
The hell hog completely resists.
You block the hell hog's attack. The hell hog breathes fire at you.
The fireball explodes!
The fireball engulfs the hell hog.
The hell hog completely resists.
The fireball engulfs the hell hog.
The hell hog completely resists.
The fireball engulfs you! You resist. The hell hog breathes fire at you.
The fireball explodes!
The fireball engulfs the hell hog.
The hell hog completely resists.
The fireball engulfs the hell hog.
The hell hog completely resists.
The fireball engulfs you! You resist.
* * * LOW HITPOINT WARNING * * *
You hear a shout!
The hell hog attacks as you move away! You block the hell hog's attack.
The hell hog barely misses you. The hell hog bites you!
* * * LOW HITPOINT WARNING * * *
The hell hog attacks as you move away! You block the hell hog's attack.
The hell hog breathes fire at you.
The fireball explodes!
The fireball engulfs the hell hog.
The hell hog completely resists.
The fireball engulfs you! You resist.
You die...

# #....# ##
# ..#### #..
##.#.###
##..##.#...#
#......h...#
.##.###...##
###.##.h.#
#..#h..#
#@.###
#....#
#.#....
##......#
#..#...#
#..#.#..#
.#######.. .
..


You could see 2 hell hogs.

Vanquished Creatures
  Gastronok (Lair:1)
  A hydra (Lair:2)
  A boulder beetle (D:10)
  3 two-headed ogres
  3 wizards (Volcano)
  A deep elf pyromancer (D:13)
  A necromancer (Abyss:3)
  5 cyclopes (D:12)
  A large abomination (Abyss:3)
  2 ugly things (D:10)
  A manticore (D:13)
  2 toenail golems (Volcano)
  3 merfolk sirens (Lair:2)
  2 black mambas (Lair:1)
  A gargoyle (D:12)
  3 cane toads (Lair:2)
  A kobold demonologist (D:12)
  3 komodo dragons
  4 trolls (D:12)
  A merfolk (Lair:2)
  3 meliai (D:12)
  2 polar bears
  A jumping spider (shapeshifter) (D:13)
  A ynoxinul (Abyss:3)
  A wraith (D:11)
  A water elemental (D:12)
  31 yaks
  2 wyverns
  2 basilisks (Lair:2)
  2 steam dragons
  6 vampire mosquitoes
  4 acid dragons
  A hell hound (Lair:3)
  5 water moccasins
  2 sky beasts
  4 black bears
  10 orc warriors
  6 ice beasts
  2 ogres
  2 centaurs
  3 phantoms (D:5)
  6 kobold brigands
  4 bullfrogs
  3 small abominations (Abyss:3)
  3 scorpions
  4 wights (D:7)
  20 killer bees
  3 electric eels
  4 howler monkeys (D:9)
  7 hounds
  2 jellies
  6 orc priests
  6 iguanas
  9 orc wizards
  4 gnolls
  6 adders
  A shadow imp (D:6)
  2 white imps
  An ufetubus (Abyss:3)
  A worm (D:3)
  3 dart slugs
  46 orcs
  9 bats
  10 endoplasms
  10 giant cockroaches
  5 goblins
  7 hobgoblins
  8 jackals
  29 kobolds
  6 quokkas
  8 ball pythons
  3 frilled lizards
  5 rats
372 creatures vanquished.

Vanquished Creatures (others)
  A wizard (Volcano)
  A deep elf pyromancer (D:13)
  A toenail golem (Volcano)
  A blink frog (Abyss:3)
  15 fungi
  18 plants
37 creatures vanquished.

Grand Total: 409 creatures vanquished

Notes
Turn   | Place    | Note
-------+----------+-------------------------------------------
     0 | D:1      | Miritol the Tengu Hunter began the quest for the Orb.
     0 | D:1      | Reached XP level 1. HP: 12/12 MP: 2/2
    94 | D:1      | Reached XP level 2. HP: 9/17 MP: 3/3
   880 | D:2      | Reached XP level 3. HP: 22/22 MP: 4/4
  1651 | D:3      | Reached XP level 4. HP: 27/27 MP: 5/5
  1675 | D:3      | Found a broken altar of Ashenzari.
  2040 | D:3      | Reached skill level 5 in Crossbows
  2327 | D:3      | Found a glowing golden altar of the Shining One.
  2687 | D:4      | Found a glowing drain.
  2710 | Sewer    | Entered a sewer
  2755 | Sewer    | Gained mutation: Your magical nature lets you fly swiftly
                  | and evasively. [Tengu growth]
  2755 | Sewer    | Reached XP level 5. HP: 32/32 MP: 6/6
  2795 | Sewer    | Noticed a kobold brigand
  2817 | Sewer    | Killed a kobold brigand
  2885 | Sewer    | Noticed a kobold brigand
  2895 | Sewer    | Killed a kobold brigand
  2896 | Sewer    | Reached XP level 6. HP: 12/37 MP: 7/7
  3483 | D:4      | Noticed a sky beast
  3500 | D:4      | Killed a sky beast
  3501 | D:4      | Reached XP level 7. HP: 19/43 MP: 8/8
  3674 | D:4      | Identified the ring "Vomy" {rN+ Will+ Str-5 Int+3 Stlth+}
  4700 | D:4      | Reached skill level 5 in Dodging
  4899 | D:5      | Entered Level 5 of the Dungeon
  4912 | D:5      | Reached XP level 8. HP: 43/48 MP: 9/9
  4982 | D:5      | Reached skill level 5 in Fighting
  4982 | D:5      | Reached skill level 5 in Stealth
  5693 | D:5      | You are sucked into a shaft and drop 1 floor!
  5696 | D:5      | Found a staircase to the Ecumenical Temple.
  5700 | Temple   | Entered the Ecumenical Temple
  5806 | Temple   | Became a worshipper of Warmaster Okawaru
  6185 | D:5      | Reached * piety under Okawaru
  6596 | D:6      | Reached XP level 9. HP: 55/55 MP: 10/10
  6597 | D:6      | Noticed a manticore
  7273 | D:5      | Reached ** piety under Okawaru
  7858 | D:6      | Reached skill level 1 in Invocations
  8353 | D:7      | Reached *** piety under Okawaru
  8835 | D:7      | Reached XP level 10. HP: 55/61 MP: 12/12
  9145 | D:7      | Found a bloodstained altar of Trog.
  9145 | D:7      | Found a sacrificial altar of Ru.
  9691 | D:8      | Reached **** piety under Okawaru
  9849 | D:8      | Noticed a two-headed ogre
  9886 | D:8      | Killed a two-headed ogre
 10199 | D:8      | Noticed a two-headed ogre
 10213 | D:8      | Reached skill level 10 in Crossbows
 10245 | D:8      | Killed a two-headed ogre
 10245 | D:8      | Reached ***** piety under Okawaru
 10604 | D:8      | Reached skill level 5 in Invocations
 10709 | D:9      | Identified the +3 dagger "Hyczufud" {flame, rC+} (Okawaru
                  | gifted it to you on level 9 of the Dungeon)
 10709 | D:9      | Received a gift from Okawaru
 10853 | D:9      | Found a staircase to the Lair.
 11168 | D:9      | Reached XP level 11. HP: 55/66 MP: 14/16
 11243 | D:9      | Found a staircase to the Orcish Mines.
 11324 | D:9      | Found Diets's Neck Hole.
 11339 | D:9      | Bought a scarf of resistance for 448 gold pieces
 11627 | D:9      | Reached skill level 1 in Short Blades
 11635 | D:9      | Reached skill level 10 in Dodging
 11954 | D:9      | Identified the +1 spear "Giantslayer" {flame, SInv}
 11977 | D:10     | Entered Level 10 of the Dungeon
 12042 | D:10     | Found an ornate altar of the Wu Jian Council.
 12208 | D:10     | Found a runed translucent gate.
 12208 | D:10     | Found a runed translucent gate.
 12211 | D:10     | Found a runed translucent gate.
 12213 | D:10     | Noticed Subbak's ghost (novice DsFi)
 12468 | D:10     | Found a snail-covered altar of Cheibriados.
 12476 | D:10     | Found a burning altar of Makhleb.
 12778 | D:11     | Noticed a red ugly thing
 12830 | D:10     | Killed a red ugly thing
 12830 | D:10     | Received a gift from Okawaru
 12952 | D:11     | Identified a scroll of acquirement
 12953 | D:11     | Acquired the +0 kite shield "Orghoffiu" {rPois rC+ Str+2}
 12981 | D:11     | Noticed a purple ugly thing
 12982 | D:11     | Noticed a boulder beetle
 13050 | D:10     | Killed a purple ugly thing
 13212 | D:11     | Reached skill level 1 in Shields
 13396 | D:11     | Noticed a two-headed ogre
 13443 | D:11     | Killed a two-headed ogre
 13597 | D:10     | Killed a boulder beetle
 14048 | D:11     | Noticed a manticore
 14193 | D:12     | Reached ****** piety under Okawaru
 14329 | D:12     | Noticed a cyclops
 14335 | D:12     | Killed a cyclops
 14738 | D:12     | Noticed a cyclops
 14753 | D:12     | Killed a cyclops
 14754 | D:12     | Reached XP level 12. HP: 53/71 MP: 18/18
 16495 | D:13     | Received a gift from Okawaru
 16496 | D:13     | Reached skill level 5 in Shields
 16583 | D:13     | Noticed a boulder beetle
 16611 | D:13     | Noticed a stone giant
 16628 | D:13     | Noticed a centaur warrior
 16762 | Lair:1   | Entered Level 1 of the Lair of Beasts
 17013 | Lair:1   | Noticed Gastronok
 17035 | Lair:1   | Killed Gastronok
 17504 | Lair:2   | Noticed a five-headed hydra
 17657 | Lair:2   | Identified the +2 ring mail of Kuinnuur {Rampage rPois
                  | Int-2 Dex-4} (Okawaru gifted it to you on level 2 of the
                  | Lair of Beasts)
 17657 | Lair:2   | Received a gift from Okawaru
 17729 | Lair:2   | Reached XP level 13. HP: 60/75 MP: 20/20
 18579 | Lair:2   | Found a staircase to the Shoals.
 18686 | Lair:3   | Found a dark tunnel.
 18705 | Volcano  | Entered a volcano
 18910 | Volcano  | Cast into level 3 of the Abyss (a wizard)
 19161 | Abyss:3  | Noticed a profane servitor
 19279 | Abyss:3  | Noticed a green death
 19279 | Abyss:3  | Noticed a deep elf sorcerer
 19313 | Abyss:3  | Found a corrupted altar of Lugonu.
 19337 | Volcano  | Escaped the Abyss
 19457 | Volcano  | Cast into level 3 of the Abyss (a wizard)
 19516 | Abyss:3  | Noticed a daeva
 19597 | Abyss:3  | Killed from afar by a hell hog

Illustrated notes

Levels and vault maps discovered:
D:1:      ebering_trefoil_3fold, layout_basic
D:2:      layout_loops_ring
D:3:      minmay_octagon_keep, layout_loops_ring, marbit_many_paths,
          mainiacjoe_overflow_concentric_impassable, nicolae_underground_beach
D:4:      cheibrodos_barr_body, layout_basic, cheibrodos_sewer_entry_sluice
D:5:      layout_rooms, minmay_temple_entry_stoned_glass
D:6:      minmay_clustersquares, layout_loops_cross
D:7:      layout_layer_cave, gammafunk_temple_overflow_elements
D:8:      layout_basic, minmay_fractal_squares_5
D:9:      layout_roguey [special_room_orc], dpeg_oklobed_lair, david_orc_2,
          dk_noncrumbling_2, minivault_25_ag, chequers_serial_rivers_marsh,
          nicolae_shop_sticking_my_neck_out
D:10:     layout_cross, mainiacjoe_overflow_24_doors,
          mainiacjoe_overflow_catwalk_spiral, gammafunk_ghost_spectres,
          fountainhead
D:11:     layout_irregular_city, amcnicky_mini_pool_small
D:12:     layout_basic
D:13:     wad_statue_garden, layout_irregular_city, grunt_decor_resistance
Temple:   regret_index_temple_generic_petals
Lair:1:   layout_misc_corridors, uniq_gastronok
Lair:2:   layout_gridlike, elwin_shoals_entry_stream
Lair:3:   layout_cave_pods, enter_volcano_3, uniq_nergalle
Abyss:3:  base: D:13, grunt_abyss_exit_deep_breaths,
          onia_ninara_dug_in_and_dangerous, evilmike_abyss_exit_mutagenic, base:
D:1
Volcano:  volcano_bunker

Skill      XL: |  1  2  3  4  5  6  7  8  9 10 11 12 13 |
---------------+----------------------------------------+-----
Stealth        | 2 3 4 6 |  6.8
Dodging        | 3 4 5 6 8 9 11 12 13 | 13.0
Crossbows      | 5 6 7 9 10 11 13 | 13.5
Fighting       | 3 4 5 6 |  6.5
Invocations    | 2 5 7 8 9 |  9.1
Short Blades   | 3 |  3.4
Shields        | 3 6 7 |  7.1

Action                   |  1- 3 |  4- 6 |  7- 9 | 10-12 | 13-15 || total
-------------------------+-------+-------+-------+-------+-------++-------
Melee: Hand axe          |    12 |    43 |       |       |       ||    55
       Peck              |     2 |     7 |    50 |   167 |    55 ||   281
       Kick              |     2 |    19 |    76 |   268 |    81 ||   446
       Dagger            |       |    11 |   241 |   505 |    70 ||   827
       Punch             |       |     1 |     4 |     1 |       ||     6
       Morningstar       |       |       |       |   110 |    99 ||   209
       Spear             |       |       |       |       |     3 ||     3
 Fire: Hand crossbow     |    74 |    85 |   198 |   371 |    89 ||   817
       Arbalest          |       |       |       |       |    31 ||    31
Throw: Dart              |       |     4 |     4 |    18 |       ||    26
Evoke: Wand              |       |       |     2 |     8 |       ||    10
  Use: Potion            |       |     1 |     1 |     4 |     2 ||     8
       Scroll            |       |       |    13 |    16 |     6 ||    35
 Stab: Invisible         |       |     4 |     3 |       |       ||     7
       Paralysed         |       |       |     1 |       |       ||     1
       Sleeping          |       |       |       |     1 |     1 ||     2
Armor: Leather armour    |     8 |    16 |    19 |       |       ||    43
       Steam dragon scal |       |       |       |    49 |       ||    49
       Troll leather arm |       |       |       |    44 |    20 ||    64
       Robe              |       |       |       |       |     3 ||     3
Dodge: Dodged            |    25 |    78 |   272 |   776 |   240 ||  1391
Block: Buckler           |       |       |       |    53 |       ||    53
       Kite shield       |       |       |       |   240 |    99 ||   339

Table legend: (Time is in decaauts)
 A = Elapsed time spent in this place.
 B = Non-inter-level travel time spent in this place.
 C = Inter-level travel time spent in this place.
 D = Time resting spent in this place.
 E = Time spent auto-exploring this place.
 F = Levels seen in this place.
 G = Mean time per level.
                   A        B        C        D        E       F      G
               +--------+--------+--------+--------+--------+-----+--------+
         Total |  18951 |  18260 |    691 |   3808 |   9741 |  21 |  902.4 |
       Dungeon |  15307 |  14680 |    627 |   3092 |   8191 |  13 | 1177.5 |
        Temple |    232 |    211 |     21 |      0 |    195 |   1 |  232.0 |
          Lair |   1768 |   1726 |     42 |    143 |    932 |   3 |  589.3 |
         Abyss |    545 |    545 |      0 |     55 |    188 |   2 |  272.5 |
         Sewer |    760 |    760 |      0 |    456 |    147 |   1 |  760.0 |
       Volcano |    336 |    336 |      0 |     61 |     85 |   1 |  336.0 |
               +--------+--------+--------+--------+--------+-----+--------+

Top non-repeatable levels by time:
    D:12: 1952 daAuts
     D:4: 1668 daAuts
     D:5: 1549 daAuts
     D:7: 1519 daAuts
     D:9: 1414 daAuts
     D:3: 1274 daAuts
    D:11: 1218 daAuts
    D:10: 1113 daAuts
  Lair:2: 950 daAuts
     D:8: 949 daAuts
     D:6: 885 daAuts
     D:1: 851 daAuts
  Lair:1: 771 daAuts
   Sewer: 760 daAuts
     D:2: 622 daAuts
